 Dungeon Crawl Stone Soup version 0.30-a0-121-gb27577e5d9 (webtiles) character file.

Game seed: 11751405674688739797

179 ragingrage the Sneak (level 5, 0/30 HPs)
             Began as a Kobold Brigand on Sept 14, 2022.
             Slain by an orc wizard
             ... wielding a +0 dagger
              (3 damage)
             ... on level 3 of the Dungeon.
             The game lasted 00:02:35 (3410 turns).

ragingrage the Sneak (Kobold Brigand)               Turns: 3410, Time: 00:02:36

Health: 0/30       AC:  3    Str:  8    XL:     5   Next: 90%
Magic:  5/5        EV: 14    Int: 13    God:
Gold:   149        SH:  0    Dex: 18    Spells: 4/4 levels left

rFire   . . .      SeeInvis .    a - +2 dagger
rCold   . . .      Faith    .    (no shield)
rNeg    . . .      Spirit   .    b - +0 robe
rPois   .          Reflect  .    (no helmet)
rElec   .          Harm     .    c - +0 cloak
rCorr   .          Rampage  .    (no gloves)
Will    .....                    (no boots)
Stlth   +++++.....               (no amulet)
HPRegen 0.10/turn                (no ring)
MPRegen 0.09/turn                (no ring)

@: no status effects
A: small, no large weapons, nightstalker 3
a: no special abilities


You were on level 3 of the Dungeon.
You visited 1 branch of the dungeon, and saw 4 of its levels.

You collected 185 gold pieces.
You spent 36 gold pieces at shops.

Inventory:

Hand Weapons
 a - a +2 dagger (weapon)
Missiles
 d - 18 poisoned darts
 e - a curare-tipped dart (quivered)
 m - a throwing net
Armour
 b - a +0 robe (worn)
 c - a +0 cloak (worn)
Jewellery
 p - a +6 ring of dexterity
Wands
 q - a wand of paralysis (13)
Scrolls
 f - 2 scrolls of teleportation
 g - 5 scrolls of identify {unknown}
 i - a scroll of blinking {unknown}
 j - 3 scrolls of poison {unknown}
 l - a scroll of silence {unknown}
 n - a scroll of enchant armour {unknown}
 r - a scroll of torment {unknown}
Potions
 h - a potion of magic {unknown}
 k - 2 potions of curing {unknown}
 o - a potion of attraction {unknown}


   Skills:
 - Level 2.1 Fighting
 + Level 4.8 Short Blades
 + Level 3.9 Throwing
 - Level 1.2 Dodging
 + Level 6.9 Stealth


You had 4 spell levels left.
You didn't know any spells.
Your spell library contained the following spells:

 Spells                   Type           Power      Damage    Failure   Level
 Apportation              Tloc           0%         N/A       30%         1
 Sandblast                Erth           0%         2d4       30%         1
 Shock                    Conj/Air       0%         1d3       30%         1
 Passwall                 Tmut/Erth      0%         N/A       43%         2
 Inner Flame              Hex/Fire       0%         N/A       67%         3
 Stone Arrow              Conj/Erth      0%         3d7       67%         3
 Swiftness                Air            0%         N/A       67%         3
 Airstrike                Air            0%         2d(0-16)  97%         4
 Cause Fear               Hex            0%         N/A       97%         4
 Alistair's Intoxication  Tmut/Pois      0%         N/A       100%        5
 Discord                  Hex            0%         N/A       100%        8


Dungeon Overview and Level Annotations

Branches:
Dungeon (4/15)
 Temple: D:4-7

Altars:

Shops:
D:1 [?([?   D:3 (


Innate Abilities, Weirdness & Mutations

You are small and have problems with some larger weapons.
You are completely attuned to the shadows.


Message History

There are monsters nearby!
There are monsters nearby!
The orc wizard shouts!
The orc shouts!
You hear an angry hiss.
The orc priest mumbles some strange prayers to Beogh against you.
Beogh smites you!
The orc wizard hits you with a +0 dagger.
The orc priest mumbles some strange prayers to Beogh against you.
Pain shoots through your body!
* * * LOW HITPOINT WARNING * * *
There is a stone staircase leading up here.
The orc wizard barely misses you.
You climb upwards.
There is a stone staircase leading down here.
Unknown command.
You closely miss the orc wizard.
Throw: 3 darts (curare)
Press: ? - help, Q - select action, (/) - cycle Shift-Dir - straight line, f - orc wizard
Aim: an orc wizard, wielding a +0 dagger and wearing a +0 robe (56% to hit)
You throw a curare-tipped dart.
The curare-tipped dart barely misses the orc wizard.
The orc wizard casts a spell at you. The puff of flame hits you!
* * * LOW HITPOINT WARNING * * *
You hit the orc wizard.
The orc wizard is moderately wounded.
The orc wizard casts a spell.
The orc wizard flickers and vanishes!
Deactivating autopickup; reactivate with Ctrl-A.
Throw: 2 darts (curare)
Press: ? - help, Q - select action, (/) - cycle Shift-Dir - straight line, f - you Really target yourself?
Okay, then.
Unknown command.
Throw: 2 darts (curare)
Press: ? - help, Shift-Dir - straight line You throw a curare-tipped dart.
Aiming: Paralyse
Press: ? - help, Shift-Dir - straight line Nothing appears to happen.
Something hits you.
You die...

.#####.#...##.#.#
............#.#.#
..####...#..#.#.#
#.######....#.#.#
#.....####..#.#.#
#.....# #....#.#######
#.....# #..#.........#
#.....####..#....####.#
.........#.....{@# #.#
##....##.##.#########.#
.#....##...........##.#
.#....######.#####.##.#
.#....# #.#........#
.#....# #.#.###.#..#
.###.## #.#........#
.....##### #.#####.##.#
#........# #.# #.##.#


There were no monsters in sight!

Vanquished Creatures
  Natasha (thrice) (D:3)
  2 gnolls (D:2)
  3 adders
  3 endoplasms
  A giant cockroach (D:3)
  6 goblins
  10 hobgoblins
  3 quokkas
  9 ball pythons
  8 bats
  A frilled lizard (D:1)
  6 kobolds
  5 rats
60 creatures vanquished.

Notes
Turn   | Place    | Note
-------+----------+-------------------------------------------
     0 | D:1      | ragingrage the Kobold Brigand began the quest for the Orb.
     0 | D:1      | Reached XP level 1. HP: 12/12 MP: 1/1
   137 | D:1      | Reached XP level 2. HP: 11/17 MP: 2/2
   265 | D:1      | Found Ediola Juam's Armour Boutique.
   570 | D:1      | Found Emaineg's Weapon Boutique.
   598 | D:1      | Found Iqisah's Magic Scroll Shop.
   603 | D:1      | Bought a scroll of teleportation for 36 gold pieces
   830 | D:1      | Found Ycihomy's Magic Scroll Emporium.
   835 | D:1      | Found Owular's Armour Shoppe.
   840 | D:1      | Reached XP level 3. HP: 21/21 MP: 3/3
  1050 | D:2      | Found a faded altar of an unknown god.
  1331 | D:2      | Reached skill level 6 in Stealth
  1629 | D:2      | Reached XP level 4. HP: 26/26 MP: 4/4
  2159 | D:3      | Found Foschunn's Weapon Emporium.
  2211 | D:3      | Noticed Natasha
  2228 | D:3      | Killed Natasha
  2229 | D:3      | Reached XP level 5. HP: 19/30 MP: 5/5
  2401 | D:3      | Noticed Natasha
  2416 | D:3      | Killed Natasha
  2963 | D:3      | Noticed Natasha
  2974 | D:3      | Killed Natasha
  3410 | D:3      | Slain by an orc wizard

Illustrated notes

Levels and vault maps discovered:
D:1:      dpeg_arrival_solitude, layout_basic, serial_shops,
          nicolae_shop_behind_doors, shop, shop, nicolae_shop_crystal,
          nicolae_shop_waterfront
D:2:      layout_loops_ring, ebering_ecumenical_altar_ruins
D:3:      layout_basic, serial_shops, shop, dreamdust_mushroom_princess,
          uniq_natasha
D:4:      layout_cave_pools, marbit_many_paths, serial_shops,
          nicolae_stop_n_shop_2, roderic_batcave,
          minmay_a_box_with_orc_wizards_in_it, uniq_menkaure

Skill      XL: |  1  2  3  4 |
---------------+-------------+-----
Short Blades   | 3 4 |  4.8
Throwing       | 3 |  3.9
Stealth        | 6 |  6.9
Fighting       | |  2.1
Dodging        | |  1.2

Action                   |  1- 3 |  4- 6 || total
-------------------------+-------+-------++-------
Melee: Dagger            |    74 |    86 ||   160
Throw: Dart              |       |     6 ||     6
Evoke: Wand              |       |     1 ||     1
 Stab: Sleeping          |    22 |     9 ||    31
Armor: Robe              |    16 |     7 ||    23
Dodge: Dodged            |    35 |    50 ||    85

Table legend: (Time is in decaauts)
 A = Elapsed time spent in this place.
 B = Non-inter-level travel time spent in this place.
 C = Inter-level travel time spent in this place.
 D = Time resting spent in this place.
 E = Time spent auto-exploring this place.
 F = Levels seen in this place.
 G = Mean time per level.
                   A        B        C        D        E       F      G
               +--------+--------+--------+--------+--------+-----+--------+
         Total |   3393 |   3290 |    103 |    707 |   2183 |   4 |  848.2 |
       Dungeon |   3393 |   3290 |    103 |    707 |   2183 |   4 |  848.2 |
               +--------+--------+--------+--------+--------+-----+--------+

Top non-repeatable levels by time:
     D:3: 1285 daAuts
     D:2: 1076 daAuts
     D:1: 1027 daAuts
     D:4: 3 daAuts
